 Dungeon Crawl Stone Soup version 0.20-a0-1073-g49e0d3e (webtiles) character file.

67 Rrauwl the Chiller (level 4, 0/33 HPs)
             Began as a Barachi Ice Elementalist on Apr 29, 2017.
             Slain by Natasha (7 damage)
             ... on level 2 of the Dungeon.
             The game lasted 00:07:10 (1753 turns).

Rrauwl the Chiller (Barachi Ice Elementalist)       Turns: 1753, Time: 00:07:11

Health: 0/33       AC:  2    Str: 11    XL:     4   Next: 18%
Magic:  8/8        EV: 12    Int: 15    God:
Gold:   49         SH:  0    Dex: 12    Spells: 3/8 levels left

rFire    . . .     SeeInvis .   d - +2 spear (freeze)
rCold    . . .     Gourm    .   (no shield)
rNeg     . . .     Faith    .   a - +0 robe
rPois    .         Spirit   .   (no helmet)
rElec    .         Reflect  .   (no cloak)
rCorr    .         Harm     .   (no gloves)
MR       .....                  (no boots)
Stlth    ++........             (no amulet)
Regen    0.2/turn               (no ring)
MPRegen  0.2/turn               (no ring)

@: slowed, very slow
A: +LOS, swims, slowness 1, strong legs 1
a: Hop


You were on level 2 of the Dungeon.
You were not hungry.

You visited 1 branch of the dungeon, and saw 2 of its levels.

You collected 49 gold pieces.

Inventory:

Hand Weapons
 d - a +2 spear of freezing (weapon)
Armour
 a - a +0 robe (worn)
Wands
 l - a wand of disintegration (12/24)
Scrolls
 e - a scroll of identify
 i - 3 scrolls of remove curse
Books
 b - a book of Frost

   Spells                             Type                      Level
   a - Freeze                         Ice                          1
   b - Throw Frost                    Conjuration/Ice              2
   c - Ozocubu's Armour               Charms/Ice                   3
   d - Throw Icicle                   Conjuration/Ice              4
   e - Summon Ice Beast               Ice/Summoning                4
Comestibles
 c - a bread ration
 f - 4 chunks of flesh
 j - a royal jelly
 k - 3 fruits


   Skills:
 + Level 2.0 Fighting
 + Level 1.2 Polearms
 - Level 2.1 Dodging
 - Level 2.0 Stealth
 + Level 2.9 Spellcasting
   Level 1.1 Conjurations
 + Level 0.0 Summonings
 + Level 4.3 Ice Magic


You had 3 spell levels left.
You knew the following spells:

 Your Spells              Type           Power        Failure   Level  Hunger
a - Freeze                Ice            ###.         3%          1    #......
b - Summon Ice Beast      Ice/Summ       #.......     63%         4    #####..


Dungeon Overview and Level Annotations

Branches:
Dungeon (2/15)

Altars:
Okawaru
Yredelemnul

Annotations:
D:2 Natasha


Innate Abilities, Weirdness & Mutations

Shadows flee at your approach. (+LOS)
You can swim through water.
You cover ground slowly.
You can hop short distances.


Message History

You hit Natasha. You freeze Natasha.
Natasha is moderately wounded.
Natasha mumbles some strange words.
Natasha completely misses you.
You closely miss Natasha.
Natasha is moderately wounded.
The white imp gestures at you. The puff of frost hits you! Natasha claws you.
You hit Natasha. You freeze Natasha.
Natasha is heavily wounded.
Natasha claws you but does no damage. The white imp gestures at you.
The puff of frost hits you! Natasha claws you.
You barely miss Natasha.
Natasha is heavily wounded.
The white imp gestures at you. The puff of frost hits you!
* * * LOW HITPOINT WARNING * * *
Natasha claws you!
You die...

.....##.# .....#...## ##...##.#
#######.## ##...##.# #.#
.....##.# #.# ###.....# # ##'##
........# #.##### ##...##
.###.##.# #.#...# ##.....##
.##..##.# #.h5..# ##.......#
.#...##.########@..####.........#
......)...............'.........+
.#....#.########...####.........#
.##.#.#.# ##.## ##.......##
.####.#.# #.# ##.....## ........#
#.# ##...## #####..## ..# #+##
##.# ### #.#


You could see Natasha and a white imp.

Vanquished Creatures
  Natasha (D:2)
  A dart slug (D:1)
  2 leopard geckos (D:1)
  A giant cockroach (D:1)
  3 goblins (D:2)
  4 hobgoblins
  9 jackals (D:2)
  3 kobolds (D:2)
  2 bats (D:1)
  5 frilled lizards
  2 gnoll zombies (D:2)
  4 rats
37 creatures vanquished.

Notes
Turn   | Place    | Note
-------+----------+-------------------------------------------
     0 | D:1      | Rrauwl the Barachi Ice Elementalist began the quest for the Orb.
     0 | D:1      | Reached XP level 1. HP: 13/13 MP: 3/3
   369 | D:1      | Reached XP level 2. HP: 20/20 MP: 5/5
   874 | D:2      | Reached skill level 1 in Fighting
   930 | D:2      | Found an iron altar of Okawaru.
   945 | D:2      | Reached XP level 3. HP: 17/26 MP: 6/6
   951 | D:2      | Reached skill level 4 in Ice Magic
  1201 | D:2      | Found a basalt altar of Yredelemnul.
  1710 | D:2      | Noticed Natasha
  1724 | D:2      | Killed Natasha
  1724 | D:2      | Reached skill level 1 in Polearms
  1724 | D:2      | Reached XP level 4. HP: 32/33 MP: 8/8
  1736 | D:2      | Learned a level 4 spell: Summon Ice Beast
  1745 | D:2      | Noticed Natasha
  1753 | D:2      | Slain by Natasha

Vault maps used:
D:1:      lightli_arrival_maybe_door_vault, minmay_misc_feat_alley, hex_tiny
D:2:      lemuel_zombie_altar_yredelemnul, kennysheep_okawaru_gauntlet,
          uniq_natasha

Skill      XL: |  1  2  3 |
---------------+----------+-----
Fighting       | 1 2 |  2.0
Stealth        | 2 |  2.0
Ice Magic      | 4 |  4.3
Polearms       | 1 |  1.2
Dodging        | |  2.1
Spellcasting   | |  2.9
Conjurations   | |  1.1

Action                   |  1- 3 |  4- 6 || total
-------------------------+-------+-------++-------
Melee: Unarmed           |    14 |       ||    14
       Spear             |    99 |     6 ||   105
 Cast: Freeze            |     3 |       ||     3
  Use: Scroll            |     3 |       ||     3
       Potion            |     1 |       ||     1
 Stab: Sleeping          |     7 |       ||     7
       Distracted        |     1 |     1 ||     2
  Eat: Royal jelly       |     1 |       ||     1
       Chunk             |     1 |       ||     1
Armor: Robe              |    12 |     1 ||    13
Dodge: Dodged            |    45 |     3 ||    48
